 Dungeon Crawl Stone Soup version 0.23.2-1-ga50397a (webtiles) character file.

Game seed: 6476995539947539107

328 Folque the Ogre Mage (level 6, 0/87 HPs)
             Began as an Ogre Wizard on May 30, 2019.
             Succumbed to a scorpion's poison
             ... on level 4 of the Dungeon.
             The game lasted 00:17:20 (3721 turns).

Folque the Ogre Mage (Ogre Wizard)                  Turns: 3721, Time: 00:17:22

Health: 0/87       AC: 23    Str: 19    XL:     6   Next: 50%
Magic:  3/13       EV:  1    Int: 21    God:
Gold:   102        SH:  0    Dex:  7    Spells: 3/14 levels left

rFire    . . .     SeeInvis .   i - +0 dagger (flame)
rCold    . . .     Gourm    .   (no shield)
rNeg     + + +     Faith    .   (armour currently unavailable)
rPois    +         Spirit   .   (helmet currently unavailable)
rElec    .         Reflect  .   (cloak currently unavailable)
rCorr    .         Harm     .   (gloves unavailable)
MR       .....     NoTele   +   (boots unavailable)
Stlth    +.........             (no amulet)
HPRegen  0.24/turn              (no ring)
MPRegen  0.13/turn              (no ring)

@: mighty, lethally poisoned (0 -> -2), tree-form, very slightly contaminated,
invisible (expiring)
A: large, unfitting armour, strong 1
a: no special abilities


You were on level 4 of the Dungeon.
You were not hungry.
You were a tree.
You visited 1 branch of the dungeon, and saw 4 of its levels.

You collected 102 gold pieces.

Inventory:

Hand Weapons
 h - a +0 spear
 i - a +0 dagger of flaming (weapon)
Missiles
 e - 7 javelins (quivered)
Armour
 a - a +0 robe (melded)
 b - a +0 hat (melded)
 m - a scarf of resistance (melded)
Jewellery
 q - a +2 ring of strength {unknown}
Wands
 k - a wand of digging (8)
Scrolls
 c - a scroll of fog {unknown}
 g - 2 scrolls of identify
 j - 3 scrolls of amnesia
 l - a scroll of teleportation {unknown}
 n - a scroll of remove curse {unknown}
 r - a scroll of blinking {unknown}
Potions
 s - a potion of lignification
Comestibles
 d - 4 rations


   Skills:
 - Level 2.3 Fighting
 + Level 2.4 Throwing
 - Level 1.7 Dodging
 - Level 1.4 Stealth
 + Level 4.7 Spellcasting
 + Level 3.0 Conjurations
 - Level 0.8 Summonings
 - Level 0.8 Translocations
 - Level 2.0 Air Magic
 + Level 1.3 Poison Magic


You had 3 spell levels left.
You knew the following spells:

 Your Spells              Type           Power        Failure   Level  Hunger
a - Magic Dart            Conj           ###.         3%          1    None
b - Call Imp              Summ           #.......     12%         2    None
c - Blink                 Tloc           N/A          12%         2    None
d - Mephitic Cloud        Conj/Pois/Air  ##......     14%         3    ##.....
e - Conjure Flame         Conj/Fire      ##......     19%         3    ##.....

Your spell library contained the following spells:

 Spells                   Type           Power        Failure   Level  Hunger
 Beastly Appendage        Tmut           #.....       11%         1    None
 Slow                     Hex            #.......     17%         2    None
 Sticks to Snakes         Tmut           #.......     17%         2    None
 Spider Form              Tmut/Pois      #.........   26%         3    ##.....
 Ice Form                 Ice/Tmut       #.......     73%         4    ####...
 Blade Hands              Tmut           #.........   97%         5    #####..


Dungeon Overview and Level Annotations

Branches:
Dungeon (4/15)
 Temple: D:4-7

Altars:
Cheibriados
Dithmenos
Elyvilon
Makhleb
Xom
Zin


Innate Abilities, Weirdness & Mutations

You are too large for most types of armour.
((You have tough skin. (AC +1)))
((You have sharp toenails.))
Your muscles are strong. (Str +2)


Message History

You feel sick.
The phantom hits you but does no damage.
You closely miss the phantom.
The phantom is lightly damaged.
You feel sick.
The phantom hits you but does no damage.
The phantom hits you but does no damage.
You feel sick.
The phantom hits you but does no damage.
You feel sick.
The phantom hits you but does no damage.
You feel sick. The phantom hits you.
* * * LOW HITPOINT WARNING * * *
It was a potion of might.
You feel very mighty all of a sudden.
The phantom hits you but does no damage.
Really quaff the potion of lignification?
You are stuck in your current form!
You flicker for a moment.
You die...

...##.#.#####
#.##.........
#÷###.######. #
#.'.......... #.
#.##..####.#. ##.#
##.###.# ##...#
##...##.#
#.....#####.....#.#
#......W♣.......#.#
#.....#####.....#.#
##...# ##...##.#
#### ######.# ...


You could see a phantom.

Vanquished Creatures
  2 scorpions
  A hound (D:4)
  A centaur skeleton (D:2)
  3 gnolls (D:2)
  4 adders
  4 leopard geckos
  An orc (D:3)
  2 ball pythons (D:2)
  9 bats
  4 giant cockroaches
  14 goblins
  9 hobgoblins
  6 jackals
  A quokka (D:2)
  3 frilled lizards
  7 kobolds
  A quokka skeleton (D:4)
  8 rats
80 creatures vanquished.

Vanquished Creatures (collateral kills)
  Jessica (D:2)
  Robin (D:2)
  A gnoll (D:2)
  An adder (D:3)
  2 dart slugs
  A bat (D:3)
  2 goblins
  4 hobgoblins
  2 jackals (D:1)
  A rat (D:2)
16 creatures vanquished.

Grand Total: 96 creatures vanquished

Notes
Turn   | Place    | Note
-------+----------+-------------------------------------------
     0 | D:1      | Folque the Ogre Wizard began the quest for the Orb.
     0 | D:1      | Reached XP level 1. HP: 16/16 MP: 5/5
    17 | D:1      | Reached skill level 1 in Conjurations
   260 | D:1      | Reached XP level 2. HP: 21/26 MP: 3/6
   274 | D:1      | Reached skill level 1 in Fighting
   306 | D:1      | Learned a level 2 spell: Call Imp
   309 | D:1      | Learned a level 2 spell: Blink
   740 | D:1      | Reached XP level 3. HP: 33/33 MP: 6/8
   745 | D:1      | Learned a level 3 spell: Mephitic Cloud
   832 | D:1      | Found a white marble altar of Elyvilon.
   834 | D:1      | Found a shimmering altar of Xom.
   834 | D:1      | Found a shattered altar of Ashenzari.
   836 | D:1      | Found a shadowy altar of Dithmenos.
   836 | D:1      | Found a shimmering altar of Xom.
   836 | D:1      | Found a white marble altar of Elyvilon.
   853 | D:1      | Reached skill level 4 in Spellcasting
  1029 | D:2      | Found a white marble altar of Elyvilon.
  1078 | D:2      | Found a glowing silver altar of Zin.
  1080 | D:2      | Reached skill level 1 in Air Magic
  1080 | D:2      | Reached XP level 4. HP: 28/42 MP: 2/10
  1130 | D:2      | Found a snail-covered altar of Cheibriados.
  1172 | D:2      | Noticed Jessica
  1185 | D:2      | Killed Jessica
  1191 | D:2      | Gained mutation: Your muscles are strong. (Str +2) [potion
                  | of mutation]
  1191 | D:2      | Gained mutation: You have sharp toenails. [potion of
                  | mutation]
  1326 | D:2      | Found a shadowy altar of Dithmenos.
  1330 | D:2      | Noticed Robin
  1341 | D:2      | Killed Robin
  1348 | D:2      | Reached skill level 1 in Throwing
  1755 | D:2      | Reached XP level 5. HP: 45/50 MP: 9/11
  2584 | D:3      | Learned a level 3 spell: Conjure Flame
  2976 | D:3      | Reached XP level 6. HP: 45/58 MP: 8/12
  3179 | D:3      | Found a burning altar of Makhleb.
  3607 | D:4      | Reached skill level 1 in Poison Magic
  3697 | D:4      | Noticed a phantom
  3719 | D:4      | HP: 1/87 [phantom (5)]
  3721 | D:4      | Succumbed to a scorpion's poison

Skill      XL: |  1  2  3  4  5  6 |
---------------+-------------------+-----
Conjurations   | 1 2 3 |  3.0
Fighting       | 1 2 |  2.3
Spellcasting   | 4 |  4.7
Air Magic      | 1 2 |  2.0
Throwing       | 1 2 |  2.4
Poison Magic   | 1 |  1.3
Dodging        | |  1.7
Stealth        | |  1.4
Summonings     | |  0.8
Translocations | |  0.8

Action                   |  1- 3 |  4- 6 || total
-------------------------+-------+-------++-------
Melee: Unarmed           |    51 |       ||    51
       Spear             |    74 |    44 ||   118
       Dagger            |       |   159 ||   159
       Kick              |       |    21 ||    21
Throw: Javelin           |       |     2 ||     2
 Cast: Magic Dart        |    17 |    45 ||    62
       Call Imp          |     4 |    12 ||    16
       Mephitic Cloud    |       |     7 ||     7
       Blink             |       |     1 ||     1
  Use: Potion            |       |     5 ||     5
       Scroll            |       |     2 ||     2
 Stab: Sleeping          |     2 |       ||     2
       Confused          |       |     1 ||     1
       Invisible         |       |     1 ||     1
  Eat: Chunk             |     1 |     9 ||    10
Armor: Robe              |    48 |    45 ||    93
       Skin              |       |    14 ||    14
Dodge: Dodged            |    76 |   112 ||   188
